 Dungeon Crawl Stone Soup version 0.31-a0-1547-g618ab1f346 (webtiles) character file.

Game seed: 16018056592518812242

175 Arcadio the Trooper (level 5, -2/59 HPs)
             Began as an Oni Cinder Acolyte on Jan 2, 2024.
             Was a High Priest of Ignis.
             Splashed by a jelly's acid (8 damage)
             ... on level 3 of the Dungeon.
             The game lasted 00:03:49 (2456 turns).

Arcadio the Trooper (Oni Cinder Acolyte)            Turns: 2456, Time: 00:03:49

Health: -2/59      AC: -4    Str: 20    XL:     5   Next: 55%
Magic:  6/6        EV:  9    Int: 15    God:    Ignis [*****.]
Gold:   100        SH:  0    Dex:  4    Spells: 6/6 levels left

rFire   + . .        a - -1 hand axe (flame)
rCold   . . .        (no shield)
rNeg    . . .        b - +0 robe
rPois   .            (helmet restricted)
rElec   .            j - +0 cloak
rCorr   .            (gloves unavailable)
SInv    .            (boots unavailable)
Will    +....        (no amulet)
Stlth   +            h - ring of willpower
HPRegen 0.29/turn    (no ring)
MPRegen 0.10/turn

%: no passive effects
@: corroded, hasted, very quick
A: large, unfitting armour, horns 1, tough skin 1, double potion healing,
drunken brawling
a: Renounce Religion, Fiery Armour, Foxfire Swarm, Rising Flame


You were on level 3 of the Dungeon.
You worshipped Ignis.
Ignis was extremely pleased with you.
You visited 1 branch of the dungeon, and saw 3 of its levels.

You collected 100 gold pieces.

Inventory:

Hand Weapons
 a - a -1 hand axe of flaming (weapon)
Armour
 b - a +0 robe (worn)
 j - a +0 cloak (worn)
 k - a +0 pair of gloves
Jewellery
 h - a ring of willpower (left hand)
Wands
 d - a wand of flame (24)
Scrolls
 c - a scroll of teleportation {unknown}
 f - a scroll of immolation
 l - a scroll of fog {unknown}
 m - a scroll of acquirement {unknown}
 n - a scroll of poison {unknown}
 o - a scroll of blinking {unknown}
Potions
 g - a potion of ambrosia {unknown}
 i - a potion of enlightenment {unknown}


   Skills:
 + Level 5.7 Fighting
 + Level 4.2 Axes
 + Level 2.4 Dodging
 - Level 1.2 Spellcasting
 - Level 2.6 Fire Magic


You had 6 spell levels left.
You didn't know any spells.
Your spell library contained the following spells:

 Spells                   Type           Power      Damage    Failure   Level
 Scorch                   Fire           16%        2d5       12%         2


Dungeon Overview and Level Annotations

Branches:
Dungeon (3/15) Zot: 15514

Altars:
Ashenzari
Kikubaaqudgha
Nemelex Xobeh
Sif Muna
Uskayaw
Yredelemnul


Innate Abilities, Weirdness & Mutations

You are too large for most types of armour.
You have a pair of small horns on your head.
You have tough skin. (AC +1)
You gain doubled healing and magic from potions.
Whenever you drink a healing potion, you attack all around you.


Message History

Found two bat skeletons, a hobgoblin skeleton and a glowing spear.
Found five altars.
The endoplasm quivers.
The jelly quivers.
The endoplasm quivers.
The jelly quivers.
The endoplasm quivers.
A nearby fungus withers and dies.
There is an open door here.
The endoplasm hits the fungus.
The fungus begins to die.
You hit the endoplasm. You burn the endoplasm.
You headbutt the endoplasm, but do no damage.
The endoplasm is heavily wounded.
The endoplasm hits you but does no damage.
You hit the endoplasm. You burn the endoplasm.
You kill the endoplasm!
You hit the endoplasm. You burn the endoplasm.
You kill the endoplasm!
A nearby fungus withers and dies.
You barely miss the jelly. The jelly barely misses you.
You hit the jelly. You burn the jelly. The acid corrodes you!
Your hands burn!
You headbutt the jelly.
The jelly is heavily wounded.
The jelly hits you.
You are splashed with acid!
The jelly completely misses you.
You hit the jelly. You burn the jelly.
Your hands burn!
The jelly is almost dead.
The jelly hits you.
You are splashed with acid!
You hit the jelly but do no damage. The acid corrodes you!
Your hands burn!
Your headbutt misses the jelly.
The jelly is almost dead.
The jelly hits you.
You are splashed with acid!
You completely miss the jelly.
You headbutt the jelly, but do no damage.
The jelly is almost dead.
The jelly hits you.
You are splashed with acid!
* * * LOW HITPOINT WARNING * * *
You feel yourself speed up.
The endoplasm jiggles.
The jelly hits you.
* * * LOW HITPOINT WARNING * * *
You are splashed with acid!
You die...

.)...### #######..#######
##.....# ####### #####
##.#.#.##).....##.####### #...##.
.......##.P.J.J#.#.#....#####.##.
##.###.##.÷....#.#.#.....##.#)##.
#.....##.J_J.P#.#'#......'...##.
########..÷...#)#........'...##.
#._P._J#.#........'..†##.
#.JJ..J#@#....(..##...##.
#P...JJJ##......###......
#....÷J########## ##..... #######
#..#.# ###..#.# ####### .......#
......# ###.##.. #####.# #.##.#
#.# #.....


You could see a jelly and 3 endoplasms.

Vanquished Creatures
  Jessica (D:3)
  5 adders
  4 gnolls
  2 dart slugs
  3 endoplasms (D:3)
  5 giant cockroaches
  2 goblins (D:1)
  8 hobgoblins
  4 jackals (D:1)
  12 kobolds
  2 quokkas
  4 ball pythons
  3 bats
  3 frilled lizards
  6 rats
64 creatures vanquished.

Notes
Turn   | Place    | Note
-------+----------+-------------------------------------------
     0 | D:1      | Arcadio the Oni Cinder Acolyte began the quest for the Orb.
     0 | D:1      | Reached XP level 1. HP: 24/24 MP: 2/2
   151 | D:1      | Reached XP level 2. HP: 6/32 MP: 3/3
   391 | D:1      | Reached skill level 1 in Dodging
   614 | D:1      | You fall into a shaft and drop 1 floor!
   624 | D:2      | Reached XP level 3. HP: 36/40 MP: 4/4
  1161 | D:1      | Reached skill level 5 in Fighting
  1161 | D:1      | Reached XP level 4. HP: 41/50 MP: 5/5
  1709 | D:2      | Found a basalt altar of Yredelemnul.
  2036 | D:3      | Reached XP level 5. HP: 52/57 MP: 6/6
  2081 | D:3      | Noticed Jessica
  2089 | D:3      | Killed Jessica
  2445 | D:3      | Found a hide-covered altar of Uskayaw.
  2445 | D:3      | Found a shimmering blue altar of Sif Muna.
  2445 | D:3      | Found an ancient bone altar of Kikubaaqudgha.
  2445 | D:3      | Found a sparkling altar of Nemelex Xobeh.
  2445 | D:3      | Found a broken altar of Ashenzari.
  2445 | D:3      | Found a broken altar of Ashenzari.
  2456 | D:3      | Splashed by a jelly's acid

Illustrated notes

Levels and vault maps discovered:
D:1:      eino_arrival_water_cross, layout_basic
D:2:      layout_basic, basic_altar
D:3:      cheibrodos_fertilizer, layout_loops_ring, uniq_jessica, uniq_sigmund

Skill      XL: |  1  2  3  4 |
---------------+-------------+-----
Dodging        | 1 2 |  2.4
Fighting       | 5 |  5.7
Axes           | 4 |  4.2
Spellcasting   | |  1.2
Fire Magic     | |  2.6

Action                     |  1- 3 |  4- 6 || total
---------------------------+-------+-------++-------
  Melee: Hand axe          |    83 |   152 ||   235
         Headbutt          |     7 |     9 ||    16
         Punch             |     1 |     1 ||     2
 Invoke: Fiery Armour      |     1 |       ||     1
    Use: Scroll            |       |     2 ||     2
         Potion            |       |     1 ||     1
 Armour: Robe              |    68 |   118 ||   186
  Dodge: Dodged            |    49 |    71 ||   120

Table legend: (Time is in decaauts)
 A = Elapsed time spent in this place.
 B = Non-inter-level travel time spent in this place.
 C = Inter-level travel time spent in this place.
 D = Time resting spent in this place.
 E = Time spent auto-exploring this place.
 F = Levels seen in this place.
 G = Mean time per level.
                   A        B        C        D        E       F      G
               +--------+--------+--------+--------+--------+-----+--------+
         Total |   2484 |   2439 |     45 |    189 |   1723 |   3 |  828.0 |
       Dungeon |   2484 |   2439 |     45 |    189 |   1723 |   3 |  828.0 |
               +--------+--------+--------+--------+--------+-----+--------+

Top non-repeatable levels by time:
     D:1: 1153 daAuts
     D:2: 686 daAuts
     D:3: 644 daAuts
